 Dungeon Crawl Stone Soup version 0.23-a0-303-gfcac5de (webtiles) character file.

161 CozyGlow the Shooter (level 5, -3/36 HPs)
             Began as a Centaur Hunter on Oct 9, 2018.
             Was a Follower of Uskayaw.
             Slain by a goblin
             ... wielding a +0 short sword
              (4 damage)
             ... on level 2 of the Dungeon.
             The game lasted 00:08:20 (2298 turns).

CozyGlow the Shooter (Centaur Hunter)               Turns: 2298, Time: 00:08:21

Health: -3/36      AC:  4    Str: 15    XL:     5   Next: 19%
Magic:  5/5        EV: 10    Int: 10    God:    Uskayaw [*.....]
Gold:   137        SH:  0    Dex: 12    Spells: 4/4 levels left

rFire    . . .     SeeInvis .   a - +1 shortbow
rCold    . . .     Gourm    .   (shield currently unavailable)
rNeg     . . .     Faith    .   c - +0 leather armour
rPois    .         Spirit   .   (no helmet)
rElec    .         Reflect  .   (no cloak)
rCorr    .         Harm     .   (no gloves)
MR       .....                  (no barding)
Stlth    ..........             (no amulet)
HPRegen  0.12/turn              (no ring)
MPRegen  0.09/turn              (no ring)

@: confused, very quick
A: large, hooves 3, agile 1, deformed body, speed 2, frail 2, tough skin 3
a: Stomp, Renounce Religion


You were on level 2 of the Dungeon.
You worshipped Uskayaw.
Uskayaw was noncommittal.
You were not hungry.

You visited 1 branch of the dungeon, and saw 3 of its levels.

You collected 137 gold pieces.

Inventory:

Hand Weapons
 a - a +1 shortbow (weapon)
 b - a +0 short sword
 g - a +1 dagger of holy wrath
   (You took it off a kobold on level 3 of the Dungeon)
 o - a +0 short sword
   (You took it off an orc on level 3 of the Dungeon)
Missiles
 d - 54 arrows (quivered)
Armour
 c - a +0 leather armour (worn)
 e - a +0 ring mail
   (You found it on level 1 of the Dungeon)
Scrolls
 i - a scroll of random uselessness {unknown}
 j - 5 scrolls of remove curse {unknown}
 k - a scroll of fog {unknown}
Potions
 h - 2 potions of resistance
Comestibles
 f - 5 rations
 m - 9 chunks of flesh {@w0}


   Skills:
 + Level 3.1 Fighting
 * Level 7.1 Bows
 + Level 2.3 Dodging
 - Level 0.4 Stealth


You had 4 spell levels left.
You didn't know any spells.
Your spell library was empty.

Dungeon Overview and Level Annotations

Branches:
Dungeon (3/15)

Altars:
Uskayaw


Innate Abilities, Weirdness & Mutations

You have hooves in place of feet.
Armour fits poorly on your strangely shaped body.
You cover ground very quickly.
You have extremely tough skin. (AC +3)
You are agile. (Dex +2)
You are very frail. (-20% HP)


Message History

Firing (i - inventory)
d - 60 arrows (quivered)
Aim: a goblin, wielding a short sword You shoot an arrow.
The hobgoblin shouts!
The arrow hits the goblin.
The goblin zaps a wand.
Your will is overpowered!
You are confused.
It is a wand of enslavement (12).
Firing (i - inventory)
d - 59 arrows (quivered)
Aim: a goblin, wielding a short sword and carrying a wand of enslavement (12)
You shoot an arrow.
You bump into the rock wall.
MP restored: 5 Firing (i - inventory)
d - 58 arrows (quivered)
Aim: a goblin, wielding a short sword and carrying a wand of enslavement (12)
You shoot an arrow. The goblin barely misses you.
There is a stone staircase leading up here.
The goblin zaps a wand.
You resist with some effort.
In your confused state, you trip and fall back down the stairs.
You feel less confused. The adder bites you.
You are poisoned.
The adder poisons you!
You take 3 damage, and have 25/45 hp.
You feel sick. The adder bites you but does no damage.
The goblin hits you but does no damage. The adder bites you.
You climb upwards.
There is a stone staircase leading down here.
You take 4 damage, and have 21/45 hp.
Firing (i - inventory)
d - 57 arrows (quivered)
Aim: an adder (heavily wounded)
You shoot an arrow. The arrow misses the adder.
The goblin closely misses you. The adder bites you.
You take 5 damage, and have 16/45 hp.
Firing (i - inventory)
d - 56 arrows (quivered)
Aim: an adder (heavily wounded)
You shoot an arrow. The arrow barely misses the adder.
You feel sick. The adder bites you but does no damage.
The goblin hits you with a short sword.
* * * LOW HITPOINT WARNING * * *
You take 4 damage, and have 12/45 hp.
Firing (i - inventory)
d - 55 arrows (quivered)
Aim: an adder (heavily wounded)
You shoot an arrow. The arrow barely misses the adder.
The adder barely misses you. The goblin barely misses you.
It was a potion of magic.
Magic courses through your body. The adder bites you.
* * * LOW HITPOINT WARNING * * *
The goblin zaps a wand.
Your will is overpowered!
You are confused.
The adder bites you.
* * * LOW HITPOINT WARNING * * *
You take 5 damage, and have 7/45 hp.
It was a potion of mutation.
You feel extremely strange.
You feel frail. x2; You feel agile. The adder bites you.
* * * LOW HITPOINT WARNING * * *
The goblin hits you but does no damage.
You take 2 damage, and have 5/36 hp.
You feel sick. The adder bites you but does no damage.
The goblin zaps a wand.
Your will is overpowered!
You are more confused.
You take 1 damage, and have 4/36 hp.
You miss the adder. You kick the adder!
You kill the adder!
The goblin barely misses you.
You're too confused to move!
You feel sick.
You are no longer poisoned.
The goblin closely misses you.
You take 1 damage, and have 3/36 hp.
The goblin zaps a wand.
Your will is overpowered!
You are more confused.
The goblin barely misses you.
The goblin zaps a wand.
Your will is overpowered!
You are more confused.
You aren't carrying any items that you can evoke.
Things that are here:
a hunting sling; a stone The goblin zaps a wand.
You resist with some effort.
You bump into the rock wall.
The goblin barely misses you.
You barely miss the goblin. Your kick misses the goblin.
The goblin hits you with a short sword.
* * * LOW HITPOINT WARNING * * *
The goblin hits you but does no damage.
You take 3 damage, and have 1/36 hp.
Things that are here:
a hunting sling; a stone You bump into the rock wall.
The goblin barely misses you.
You bump into the rock wall.
The goblin zaps a wand.
Your will is overpowered!
You are more confused.
You closely miss the goblin. The goblin hits you with a short sword.
You die...

#.#####.#.##########...#
#..
#.#####.#.##(....>...<##
### .....##.#.##......#.#.#
#
..##.##.#.##.###..#.#.#####
# #.##......##.#
#..........# #
#.......####.###..........#
# #########
#.....)..#.##..#####
#....g.....##......###
##.#.#@#..#.##.#.......
#>...#.#.......#.##.##.
##.###..#...####.##.##.
####.####.##..####.##....
#.......#.#.....##.##.##.
#.##.##.#.......##.......
#.##.##.##.[....#####....
#.##.##.##........[#####.
#.......###........# ###.


You could see a goblin.

Vanquished Creatures
  A hound (D:3)
  A gnoll (D:1)
  4 adders
  An ooze (D:1)
  A worm (D:3)
  3 dart slugs (D:1)
  5 orcs (D:3)
  A ball python (D:1)
  5 giant cockroaches
  7 goblins
  8 hobgoblins
  3 jackals (D:3)
  7 kobolds
  7 bats
  4 frilled lizards
  11 rats
69 creatures vanquished.

Notes
Turn   | Place    | Note
-------+----------+-------------------------------------------
     0 | D:1      | CozyGlow the Centaur Hunter began the quest for the Orb.
     0 | D:1      | Reached XP level 1. HP: 17/17 MP: 1/1
   369 | D:1      | Reached XP level 2. HP: 24/24 MP: 2/2
   522 | D:1      | Reached skill level 6 in Bows
   561 | D:1      | Reached XP level 3. HP: 29/30 MP: 3/3
  1277 | D:2      | Reached skill level 2 in Dodging
  1659 | D:3      | Reached XP level 4. HP: 37/37 MP: 4/4
  1767 | D:3      | HP: 9/37 [jackal (3)]
  1776 | D:3      | HP: 5/37 [jackal (2)]
  2062 | D:3      | Reached skill level 3 in Fighting
  2081 | D:3      | Reached skill level 7 in Bows
  2117 | D:3      | Found a hide-covered altar of Uskayaw.
  2131 | D:3      | Reached XP level 5. HP: 45/45 MP: 5/5
  2157 | D:3      | Became a worshipper of Uskayaw the Reveler
  2223 | D:3      | Reached * piety under Uskayaw
  2275 | D:2      | HP: 10/45 [adder (2)]
  2276 | D:2      | Gained mutation: You are frail. (-10% HP) [potion of
                  | mutation]
  2276 | D:2      | Gained mutation: You are very frail. (-20% HP) [potion of
                  | mutation]
  2276 | D:2      | Gained mutation: You are agile. (Dex +2) [potion of
                  | mutation]
  2277 | D:2      | HP: 4/36 [poisoned by an adder]
  2292 | D:2      | HP: 1/36 [goblin/short sword (4)]
  2298 | D:2      | Slain by a goblin

Vault maps used:
D:1:      dpeg_arrival_water_temple_mockup
D:2:      minmay_tetromino_t2
D:3:      overflow_temple_1_default, grunt_decor_clamped

Skill      XL: |  1  2  3  4 |
---------------+-------------+-----
Bows           | 6 7 |  7.1
Dodging        | 2 |  2.3
Fighting       | 3 |  3.1
Stealth        | |  0.4

Action                   |  1- 3 |  4- 6 || total
-------------------------+-------+-------++-------
Melee: Short sword       |     4 |    37 ||    41
       Kick              |     1 |     6 ||     7
       Shortbow          |       |     3 ||     3
 Fire: Shortbow          |   118 |    54 ||   172
Invok: Stomp             |       |     1 ||     1
  Use: Potion            |       |     3 ||     3
  Eat: Chunk             |     1 |     2 ||     3
Armor: Leather armour    |    11 |    32 ||    43
Dodge: Dodged            |    26 |    42 ||    68

Table legend:
 A = Non-vault XP
 B = Vault XP
 C = Vault XP percentage of total XP
 D = Non-vault monster count
 E = Vault monster count
 F = Vault count percentage of total count
                 A         B        C        D         E       F
            +---------+---------+-------+---------+---------+-------
      Total |     229 |       2 |   0.9 |      68 |       1 |   1.4
            +---------+---------+-------+---------+---------+-------
        D:1 |      69 |       0 |   0.0 |      27 |       0 |   0.0
        D:2 |      35 |       2 |   5.4 |      16 |       1 |   5.9
        D:3 |     125 |       0 |   0.0 |      25 |       0 |   0.0
            +---------+---------+-------+---------+---------+-------

Vault maps used:
D:1:      dpeg_arrival_water_temple_mockup
D:2:      minmay_tetromino_t2
D:3:      overflow_temple_1_default, grunt_decor_clamped

Table legend:
 A = Turns spent in this place as a percentage of turns spent in the entire game.
 B = Non-inter-level travel turns spent in this place as a percentage of non-inter-level travel turns spent in the entire game.
 C = Inter-level travel turns spent in this place as a percentage of turns spent in this place.
 D = Turns resting spent in this place as a percentage of non-inter-level travel turns spent in this place.
 E = Turns spent auto-exploring this place as a percentage of non-inter-level travel turns spent in this place.
 F = Non-inter-level travel turns spent in this place divided by the number of levels of this place that you've seen.
                   A       B       C       D       E      F
               +-------+-------+-------+-------+-------+----------------------
         Total | 100.0 | 100.0 |   2.0 |  21.9 |  52.4 | 750.7
       Dungeon | 100.0 | 100.0 |   2.0 |  21.9 |  52.4 | 750.7
               +-------+-------+-------+-------+-------+----------------------

Table legend:
 A = Kills in this place as a percentage of kills in entire the game.
 B = Kills by you in this place as a percentage of kills by you in the entire game.
 C = Kills by friends in this place as a percentage of kills by friends in the entire game.
 D = Other kills in this place as a percentage of other kills in the entire game.
 E = Experience gained in this place as a percentage of experience gained in the entire game.
 F = Experience gained in this place divided by the number of levels of this place that you have seen.
                   A       B       C       D       E      F
               +-------+-------+-------+-------+-------+----------------------
         Total | 100.0 | 100.0 |   N/A |   N/A | 100.0 |  77.0
       Dungeon | 100.0 | 100.0 |   N/A |   N/A | 100.0 |  77.0
               +-------+-------+-------+-------+-------+----------------------
